 Dungeon Crawl Stone Soup version 0.27-a0-679-g77a6b55cf3 (webtiles) character file.

Game seed: 15831847071368208181

5525 Aapotti the Frost Mage (level 10, -2/78 (83) HPs)
             Began as a Demigod Ice Elementalist on Mar 19, 2021.
             Slain by a wight
             ... wielding a +2 battleaxe
              (11 damage)
             ... on level 8 of the Dungeon.
             The game lasted 00:50:21 (13139 turns).

Aapotti the Frost Mage (Demigod Ice Elementalist)  Turns: 13139, Time: 00:50:22

HP:   -2/78 (83)    AC:  8    Str: 17    XL:     10   Next: 20%
MP:   12/22         EV: 12    Int: 21    God:
Gold: 570           SH:  0    Dex: 14    Spells: 2/20 levels left

rFire    . . .     SeeInvis .   b - +1 shortbow (flame)
rCold    . . .     Faith    .   (shield currently unavailable)
rNeg     . . .     Spirit   .   p - +3 leather armour {rPois}
rPois    +         Reflect  .   (no helmet)
rElec    .         Harm     .   (no cloak)
rCorr    .         Rampage  .   t - +0 pair of gloves
Will     +....                  y - +0 pair of boots
Stlth    ++........             (no amulet)
HPRegen  0.23/turn              (no ring)
MPRegen  0.18/turn              (no ring)

@: drained
A: high mp 1, forlorn
a: no special abilities


You were on level 8 of the Dungeon.
You visited 1 branch of the dungeon, and saw 9 of its levels.

You collected 570 gold pieces.

Inventory:

Hand Weapons
 a - a +2 short sword
 b - a +1 shortbow of flaming (weapon)
Missiles
 h - 22 poisoned darts
 n - 3 silver boomerangs
 B - 226 arrows (quivered ammo)
Armour
 p - a +3 leather armour of poison resistance (worn)
 t - a +0 pair of gloves (worn)
 y - a +0 pair of boots (worn)
Magical Staves
 j - a staff of poison
 v - a staff of earth
Jewellery
 u - a ring of protection from cold
Wands
 c - a wand of polymorph (13)
 d - a wand of random effects (14)
 m - a wand of mindburst (7)
Scrolls
 f - a scroll of silence {unknown}
 o - 3 scrolls of teleportation
 r - a scroll of torment {unknown}
 s - a scroll of fear
 D - a scroll of holy word
Potions
 e - a potion of resistance
 g - 2 potions of flight
 i - 5 potions of lignification
 k - 2 potions of might
 l - 2 potions of haste
 q - a potion of ambrosia
 w - a potion of attraction {unknown}
 x - a potion of magic
 z - 2 potions of brilliance
 A - a potion of berserk rage


   Skills:
 + Level 5.9 Fighting
 + Level 4.6 Bows
 - Level 2.0 Throwing
 - Level 3.2 Dodging
 - Level 2.0 Stealth
 + Level 5.8 Spellcasting
 - Level 4.0 Summonings
 * Level 9.5 Ice Magic


You had 2 spell levels left.
You knew the following spells:

 Your Spells              Type           Power      Damage    Failure   Level
a - Freeze                Ice            100%       1d11      1%          1
b - Frozen Ramparts       Ice            92%        1d11      1%          3
c - Ozocubu's Armour      Ice            46%        N/A       1%          3
d - Summon Ice Beast      Ice/Summ       34%        N/A       8%          4
e - Mephitic Cloud        Conj/Pois/Air  6%         N/A       36%         3
f - Hailstorm             Conj/Ice       26%        3d7       17%         4

Your spell library contained the following spells:

 Spells                   Type           Power      Damage    Failure   Level
 Summon Small Mammal      Summ           88%        N/A       2%          1
 Call Imp                 Summ           22%        N/A       3%          2
 Animate Skeleton         Necr           12%        N/A       12%         1
 Apportation              Tloc           12%        N/A       12%         1
 Corona                   Hex            6%         N/A       12%         1
 Magic Dart               Conj           24%        1d4       12%         1
 Blink                    Tloc           N/A        N/A       19%         2
 Slow                     Hex            6%         N/A       19%         2
 Conjure Flame            Conj/Fire      6%         6-21      36%         3


Dungeon Overview and Level Annotations

Branches:
Dungeon (9/15)             Temple (0/1) D:7
   Lair: D:8-11         Orc: D:9-12

Shops:
D:1 *(   D:7 *

Annotations:
D:5 rooms in water
D:6 exclusion: oklob plant


Innate Abilities, Weirdness & Mutations

Your attributes grow dramatically as you level up.
You have an increased reservoir of magic. (+10% MP)
You shall have no god before yourself.


Message History

Your ice beast misses the wight.
The wight barely misses your ice beast.
Your ice beast completely misses the wight.
Your ice beast closely misses the wight.
The wight closely misses your ice beast.
Your ice beast hits the wight but does no damage.
The wight hits you with a +2 battleaxe!
* * * LOW HITPOINT WARNING * * *
The wight hits your ice beast with a +2 battleaxe!
The wight hits your ice beast with a +2 battleaxe.
The wight drains your ice beast.
Your ice beast closely misses the wight.
The wight barely misses your ice beast.
Your ice beast hits the wight but does no damage.
The wight misses your ice beast.
Casting: Summon Ice Beast (dangerous; 8% risk of failure)
Confirm with . or Enter, or press ? or * to list all spells.
A chill wind blows around you. The wight hits you with a +2 battleaxe!
* * * LOW HITPOINT WARNING * * *
The wight hits your ice beast with a +2 battleaxe.
The wight closely misses your ice beast.
Your ice beast closely misses the wight.
Your ice beast barely misses the wight.
Your ice beast closely misses the wight.
Your ice beast hits the wight.
Your ice beast freezes the wight.
The wight resists.
Your ice beast misses the wight.
Your ice beast completely misses the wight.
Your ice beast misses the wight.
The wight misses your ice beast.
Your ice beast hits the wight.
Your ice beast freezes the wight.
The wight resists.
Casting: Summon Ice Beast (dangerous; 8% risk of failure)
Confirm with . or Enter, or press ? or * to list all spells.
A chill wind blows around you.
Your ice beast hits the wight but does no damage.
Your ice beast barely misses the wight.
Your ice beast closely misses the wight.
The wight hits you with a +2 battleaxe!
You die...

##..#############.###.##
####
..............#.....#..#
#...
.......>............##.##
#...
...................###..#
##.. ...................#
##.## #..
...................# #..#
##. ..................##
##.## ##
.............#....# #..#
# ................@##
##.## #
............#.Yz.# #..##
## ......Y.Y.z.#....#
##..# ##.
...#.......#.Y...#
##..###..
...#########.....#
###....#... ..Y# #......#
####.....#...# ..z#
##......###.....#####.##
.<.#####
#......##....#### #..#
..Y#...###.........####
##.#


You could see a wight (ally target) and 2 friendly ice beasts.

Vanquished Creatures
  Harold (D:9)
  Maurice (D:8)
  A troll (D:9)
  Sigmund (D:4)
  A wyvern (D:9)
  A vampire mosquito (D:8)
  Edmund (D:5)
  2 sky beasts (D:8)
  An ice beast (D:7)
  An orc warrior (D:8)
  10 centaurs
  5 ogres
  7 bullfrogs
  A scorpion (D:7)
  10 wights
  A howler monkey (D:6)
  A bullfrog zombie (D:9)
  A jelly (D:6)
  2 orc priests
  7 hounds
  3 bullfrog skeletons
  A centaur skeleton (D:7)
  An iguana (D:4)
  5 orc wizards
  4 worker ants
  A hound zombie (D:5)
  A hound skeleton (D:7)
  A mummy (D:6)
  10 gnolls
  A howler monkey zombie (D:7)
  2 howler monkey skeletons
  11 adders
  3 white imps
  2 oozes
  7 worms
  9 leopard geckos
  17 orcs
  8 giant cockroaches
  13 goblins
  8 hobgoblins
  5 jackals (D:2)
  4 quokkas
  4 ball pythons
  4 bats
  4 frilled lizards
  A hobgoblin zombie (D:6)
  9 kobolds
  A kobold zombie (D:6)
  A quokka skeleton (D:8)
  A quokka zombie (D:6)
  8 rats
206 creatures vanquished.

Vanquished Creatures (collateral kills)
  An ogre (D:8)
  An ice beast (D:9)
  2 wights (D:9)
  An orc wizard (D:8)
5 creatures vanquished.

Vanquished Creatures (others)
  16 toadstools (D:6)
16 creatures vanquished.

Grand Total: 227 creatures vanquished

Notes
Turn   | Place    | Note
-------+----------+-------------------------------------------
     0 | D:1      | Aapotti the Demigod Ice Elementalist began the quest for
                  | the Orb.
     0 | D:1      | Reached XP level 1. HP: 14/14 MP: 5/5
    29 | D:1      | Found Biett's Assorted Antiques.
   176 | D:1      | Reached skill level 4 in Ice Magic
   176 | D:1      | Reached XP level 2. HP: 10/20 MP: 4/7
   836 | D:1      | Found Iror's Weapon Emporium.
  1452 | D:2      | Reached XP level 3. HP: 25/26 MP: 5/8
  1464 | D:2      | Learned a level 3 spell: Frozen Ramparts
  1757 | D:2      | Reached skill level 1 in Throwing
  2346 | D:2      | Reached XP level 4. HP: 27/33 MP: 5/10
  2558 | D:2      | Learned a level 3 spell: Ozocubu's Armour
  3674 | D:3      | Found a glowing drain.
  3754 | D:3      | Reached skill level 1 in Fighting
  3766 | D:3      | Reached XP level 5. HP: 24/40 MP: 3/11
  4863 | D:4      | Reached skill level 5 in Ice Magic
  4901 | D:4      | Noticed Sigmund
  4911 | D:4      | Killed Sigmund
  4912 | D:4      | Reached XP level 6. HP: 48/48 MP: 1/13
  6078 | D:4      | Reached XP level 7. HP: 55/56 MP: 12/15
  6084 | D:4      | Learned a level 4 spell: Summon Ice Beast
  6398 | D:5      | Entered Level 5 of the Dungeon
  6484 | D:5      | Reached skill level 6 in Ice Magic
  6799 | D:5      | Reached skill level 1 in Summonings
  7027 | D:5      | Noticed Edmund
  7042 | D:5      | Killed Edmund
  7126 | D:5      | Reached skill level 1 in Bows
  7919 | D:6      | Reached XP level 8. HP: 63/63 MP: 12/17
  8114 | D:6      | Reached skill level 7 in Ice Magic
  8359 | D:6      | Noticed an oklob plant
  9229 | D:7      | Found Gyhiurell's General Store.
  9767 | D:7      | Reached XP level 9. HP: 72/72 MP: 12/19
  9767 | D:7      | Found a staircase to the Ecumenical Temple.
 10189 | D:7      | Reached skill level 8 in Ice Magic
 11096 | D:8      | Reached skill level 5 in Spellcasting
 11112 | D:8      | Noticed Maurice
 11139 | D:8      | Killed Maurice
 11140 | D:8      | Reached skill level 5 in Fighting
 11429 | D:8      | Found a runed translucent door.
 12223 | D:8      | Learned a level 3 spell: Mephitic Cloud
 12228 | D:8      | Learned a level 4 spell: Hailstorm
 12610 | D:8      | Reached skill level 9 in Ice Magic
 12885 | D:9      | Noticed Harold
 12908 | D:9      | Killed Harold
 12909 | D:9      | Reached XP level 10. HP: 54/83 MP: 3/22
 13139 | D:8      | Slain by a wight

Illustrated notes

Levels and vault maps discovered:
D:1:      amcnicky_arrival_underground_garden, layout_loops_ring, serial_shops,
          shop, nicolae_shop_stone, grunt_decor_clamped,
          minmay_misc_feat_pillars
D:2:      layout_loops_cross, doesnt_xom_only_xom, old_standard_altar,
          cheibrodos_gnoll_hut
D:3:      layout_basic, cheibrodos_sewer_entry_sluice, grunt_ministairs_5,
          kennysheep_minor_cross, elyvilon_altar_1
D:4:      layout_loops_cross, kennysheep_mini, nicolae_tso_carved_into_rock,
          minmay_liquid_box, uniq_sigmund
D:5:      layout_loops_ring, grunt_temple_overflow_open, water_boxes_lemuel,
          uniq_edmund
D:6:      layout_loops_ring, tgw_fedhas, nicolae_ossuary_entry_giza
D:7:      kennysheep_spiral_hall, layout_gridville,
          minmay_temple_entry_drinking_statues, serial_shops, shop
D:8:      layout_cave_pods, chequers_serial_rivers_large_b, serial_park_tiny_2,
          wad_hexagon, uniq_maurice
D:9:      layout_loops_ring, kennysheep_orc_monster_closet_entryway,
          minmay_statue_bubble, uniq_prince_ribbit1, uniq_harold

Skill      XL: |  1  2  3  4  5  6  7  8  9 |
---------------+----------------------------+-----
Ice Magic      | 4 5 6 7 9 |  9.5
Spellcasting   | 2 3 4 5 |  5.8
Throwing       | 1 2 |  2.0
Dodging        | 2 3 |  3.2
Stealth        | 2 |  2.0
Fighting       | 1 2 3 4 5 |  5.9
Summonings     | 2 3 4 |  4.0
Bows           | 1 2 4 |  4.6

Action                   |  1- 3 |  4- 6 |  7- 9 | 10-12 || total
-------------------------+-------+-------+-------+-------++-------
Melee: Unarmed           |     4 |     3 |       |       ||     7
       Dagger            |    16 |    47 |    51 |       ||   114
       Short sword       |       |       |     3 |       ||     3
 Fire: Shortbow          |       |       |   255 |     7 ||   262
Throw: Boomerang         |    17 |    31 |     4 |       ||    52
       Dart              |    22 |    22 |     8 |       ||    52
       Throwing net      |       |       |     1 |       ||     1
 Cast: Freeze            |    50 |    34 |    52 |       ||   136
       Frozen Ramparts   |     6 |    27 |    40 |       ||    73
       Ozocubu's Armour  |       |    10 |    22 |       ||    32
       Summon Ice Beast  |       |       |    17 |     8 ||    25
Evoke: Wand              |       |       |    13 |       ||    13
  Use: Scroll            |       |     3 |    17 |       ||    20
       Potion            |       |     2 |       |       ||     2
 Stab: Sleeping          |     3 |     2 |     1 |       ||     6
Armor: Robe              |     5 |     6 |       |       ||    11
       Leather armour    |       |    14 |    49 |     2 ||    65
Dodge: Dodged            |    27 |    33 |   133 |    11 ||   204

Table legend: (Time is in decaauts)
 A = Elapsed time spent in this place.
 B = Non-inter-level travel time spent in this place.
 C = Inter-level travel time spent in this place.
 D = Time resting spent in this place.
 E = Time spent auto-exploring this place.
 F = Levels seen in this place.
 G = Mean time per level.
                   A        B        C        D        E       F      G
               +--------+--------+--------+--------+--------+-----+--------+
         Total |  13233 |  13041 |    192 |   4183 |   6441 |   9 | 1470.3 |
       Dungeon |  13233 |  13041 |    192 |   4183 |   6441 |   9 | 1470.3 |
               +--------+--------+--------+--------+--------+-----+--------+

Top non-repeatable levels by time:
     D:8: 2362 daAuts
     D:3: 1833 daAuts
     D:4: 1632 daAuts
     D:7: 1517 daAuts
     D:2: 1492 daAuts
     D:1: 1441 daAuts
     D:6: 1373 daAuts
     D:5: 1225 daAuts
     D:9: 355 daAuts
